 Dungeon Crawl Stone Soup version 0.30-a0-591-g3c58d2bc28 (webtiles) character file.

Game seed: 5708480142023212722

276004 Majang the Warrior (level 21, -3/168 HPs)
             Began as a Djinni Ice Elementalist on Jan 4, 2023.
             Was the Champion of Makhleb.
             Slain by a white very ugly thing (43 damage)
             ... on level 2 of the Vaults on Jan 6, 2023.
             The game lasted 04:24:21 (35587 turns).

Majang the Warrior (Djinni Ice Elementalist)       Turns: 35587, Time: 04:24:21

Health: -3/168     AC: 21    Str:  9    XL:     21   Next: 21%
Gold:   2734       EV: 18    Int: 29    God:    Makhleb [******] SH:  9 Dex: 16

rFire   + + .      SeeInvis .    a - +9 trident (freeze)
rCold   . . .      Faith    .    u - +2 buckler {reflect}
rNeg    . . .      Spirit   .    C - +4 troll leather armour
rPois   ∞          Reflect  +    T - +2 helmet {Int+3}
rElec   .          Harm     .    n - +2 cloak {Will+}
rCorr   .          Rampage  .    t - +1 pair of gloves of the Breathing Gods {+Blink Str+2}
Will    +++..                    (boots unavailable)
Stlth   ++                       E - amulet of regeneration
HPRegen 2.08/turn                g - +4 ring of protection
MPRegen 0.00/turn                R - ring of protection from cold

@: flying, studying Axes
A: sickness immunity, fire resistance 2, cold vulnerability 1, float, innate
caster, HP casting, extra vitality 1
}: 2/15 runes: decaying, serpentine
a: Renounce Religion, Evoke Blink, Minor Destruction, Lesser Servant of Makhleb,
Major Destruction, Greater Servant of Makhleb


You were on level 2 of the Vaults.
You worshipped Makhleb.
Makhleb was exalted by your worship.
You visited 8 branches of the dungeon, and saw 35 of its levels.

You collected 4583 gold pieces.
You spent 1849 gold pieces at shops.

Inventory:

Hand Weapons
 a - a +9 trident of freezing (weapon)
Missiles
 m - 5 throwing nets
Armour
 n - a +2 cloak of willpower (worn)
 t - the +1 pair of gloves of the Breathing Gods (worn) {+Blink Str+2}
   (You found it on level 2 of the Lair of Beasts)

   Str:       It affects your strength (+2).
   +Blink:    It lets you blink.
 u - a +2 buckler of reflection (worn)
 C - a +4 troll leather armour (worn)
 T - a +2 helmet of intelligence (worn)
Jewellery
 d - a ring of resist corrosion
 g - a +4 ring of protection (left hand)
 i - a +5 ring of evasion
 k - a ring of protection from fire
 y - a ring of wizardry
 E - an amulet of regeneration (around neck)
 R - a ring of protection from cold (right hand)
 S - a ring of protection from cold
Wands
 f - a wand of flame (54)
 o - a wand of digging (10)
 v - a wand of mindburst (11)
 I - a wand of iceblast (7)
 M - a wand of acid (13)
 N - a wand of paralysis (22)
 V - a wand of polymorph (19)
Scrolls
 h - 6 scrolls of magic mapping
 s - 15 scrolls of teleportation
 A - 11 scrolls of fog
 B - 4 scrolls of poison
 D - 2 scrolls of immolation
 H - 3 scrolls of blinking
 P - 5 scrolls of fear
 W - a scroll of enchant weapon
Potions
 e - 4 potions of ambrosia
 l - 3 potions of invisibility
 p - 16 potions of curing
 r - 8 potions of lignification
 x - 11 potions of heal wounds
 F - 5 potions of brilliance
 G - 9 potions of mutation
 J - 5 potions of resistance
 L - 3 potions of haste
 Q - 3 potions of cancellation
Miscellaneous
 j - a condenser vane
 w - a phial of floods
 z - a phantom mirror
 O - a tin of tremorstones (2/2)


   Skills:
 + Level 20.1 Fighting
 - Level 8.0 Polearms
 - Level 6.0 Armour
 - Level 13.5 Dodging
 - Level 1.5 Stealth
 - Level 10.0 Shields
 * Level 16.3 Spellcasting
 - Level 8.1 Invocations
 + Level 13.7 Evocations


You couldn't memorise any spells.
You knew the following spells:

 Your Spells              Type           Power      Damage    Failure   Level
a - Ozocubu's Armour      Ice            87%        N/A       0%          3
b - Blink                 Tloc           100%       N/A       0%          2
c - Storm Form            Tmut/Air       43%        N/A       3%          7
d - Dispersal             Tloc           43%        N/A       1%          6
f - Freeze                Ice            100%       1d10      0%          1
i - Iron Shot             Conj/Erth      43%        9d8       1%          6
l - Lee's Rapid Deconstr  Erth           43%        3d21*     1%          5
m - Manifold Assault      Tloc           87%        N/A       1%          4
r - Frozen Ramparts       Ice            100%       1d16      0%          3
s - Simulacrum            Ice/Necr       43%        N/A       1%          6
z - Shock                 Conj/Air       100%       1d9       0%          1
B - Summon Ice Beast      Ice/Summ       87%        N/A       1%          4
W - Wereblood             Tmut           87%        N/A       0%          2
Y - Yara's Violent Unrav  Hex/Tmut       43%        3d17      1%          5
Your spell library was empty.

Dungeon Overview and Level Annotations

Branches:
Dungeon (15/15)            Temple (1/1) D:7            Lair (5/5) D:10
  Swamp (4/4) Lair:2        Snake (4/4) Lair:3        Slime (0/5) Lair:5
    Orc (2/2) D:12            Elf (2/3) Orc:2        Vaults (2/5) D:14
 Depths (0/4) D:15
  Crypt: Vaults:2-3

Altars:
Ashenzari
Cheibriados
Dithmenos
Elyvilon
Fedhas
Gozag
Hepliaklqana
Makhleb
Nemelex Xobeh
Okawaru
Qazlal
Ru
Trog
Uskayaw
Wu Jian
Xom
Yredelemnul
Zin
The Shining One
Jiyva

Shops:
D:2 (   D:13 *   D:15 (   Orc:2 [[![   Elf:2 ([   Snake:2 !((


Innate Abilities, Weirdness & Mutations

You are immune to sickness and miasma.
You are immune to poison.
Your flesh is very heat resistant. (rF++)
You are vulnerable to cold. (rC-)
You float through the air rather than walking.
You learn spells naturally, not from books.
Your magical power is your life essence.
You have superior vitality. (+4 MHP)


Message History

The troll leather armour is intact enough to wear.
There is an open door, spattered with blood here.
Items here: ) [[[ ††.
Things that are here:
a +0 troll leather armour; a deep troll corpse
There is an open door, spattered with blood here.
Items here: ) [[[ ††.
There is an open door, spattered with blood here.
Items here: ) [[[ ††.
Found 2 javelins.
You see here 2 javelins.
A white very ugly thing and a white ugly thing come into view.
The white ugly thing gurgles horribly!
You hear a horrible gurgling sound! x2
The white ugly thing basks in the mutagenic energy from its kin and changes!
A white very ugly thing comes into view. 2 white ugly things come into view.
Found a scroll of identify.
A white very ugly thing comes into view.
The green ugly thing basks in the mutagenic energy from its kin and changes!
The white ugly thing basks in the mutagenic energy from its kin and changes!
The white very ugly thing basks in the mutagenic energy from its kin and changes!
You see here 2 javelins.
The white very ugly thing attacks as you move away!
The white very ugly thing tail-slaps you but does no damage.
Things that are here:
a +0 troll leather armour; a deep troll corpse The white very ugly thing tail-slaps you!
The white very ugly thing freezes you!!!
There is an open door, spattered with blood here.
Items here: ) [[[ ††.
The white very ugly thing attacks as you move away!
The white very ugly thing tail-slaps you!
The white very ugly thing freezes you!!!
* * * LOW HITPOINT WARNING * * *
As you read the scroll of butterflies, it crumbles to dust.
You hear the tinkle of a tiny bell.
The white very ugly thing tail-slaps you!
* * * LOW HITPOINT WARNING * * *
The white very ugly thing freezes you!!!
You die...

. #......# .# #......#
.# #......##+#
.###+#########....b.....
.............b.b........
...............bb.......
....(......u.u.bbb......
..##############u#######
..# ### ##bb@b## ..#
#.##


#.bbbbb## .u# #..####bbbbb.# ..# #...##.bbbbbb# ..# #....##b.b...# .u#
#......bb....# ..# ##......#.#.## ..# #......##### ..# #..<....## You could see
a white very ugly thing (ally target).

Vanquished Creatures
  Vashnia (Snake:4)
  A bone dragon (Swamp:4)
  Rupert (Lair:4)
  Mlioglotl (Snake:4)
  Asterion (Elf:2)
  Kirke (D:13)
  A storm dragon (Elf:1)
  A shadow dragon (Elf:1)
  2 thorn hunters (Swamp:2)
  3 nagarajas (Snake:4)
  2 vault wardens (Vaults:1)
  3 ironbound preservers
  A stone giant (D:15)
  4 ironbound thunderhulks (Vaults:1)
  A deep elf demonologist (Elf:1)
  6 eleionomae
  Nessos (Lair:4)
  Azrael (Snake:3)
  3 bunyips
  4 dire elephants (Vaults:1)
  A deep elf death mage (Elf:1)
  The ghost of Ijustatesigmund the Fighter, a journeyman DjFE of Cheibriados (D:11)
  A shambling mangrove (Swamp:3)
  2 deep elf high priests (Elf:1)
  A great orb of eyes (Vaults:1)
  A fire dragon (Elf:1)
  Josephine (Lair:4)
  An entropy weaver (Vaults:1)
  A salamander tyrant (Snake:4)
  2 ice dragons
  Harold (D:10)
  Erica (D:11)
  14 hydras
  4 ghost crabs
  2 ironbound frosthearts (Vaults:1)
  3 boulder beetles
  3 vault guards
  An ogre mage (D:15)
  4 centaur warriors
  A catoblepas (D:15)
  11 anacondas
  10 alligators
  24 dancing weapons
  2 tengu warriors (D:15)
  A death knight (D:14)
  16 two-headed ogres
  9 shock serpents
  16 naga warriors
  4 orc high priests
  17 naga sharpshooters
  Sonja (Orc:2)
  9 deep elf knights
  3 salamander mystics
  13 naga ritualists
  4 skeletal warriors (D:12)
  11 deep trolls
  3 goliath frogs
  5 ironbound convokers (Vaults:1)
  2 spriggan druids
  3 swamp dragons
  An obsidian statue (D:14)
  7 bog bodies
  16 slime creatures (Vaults:1)
  A deep elf archer (Elf:1)
  A phantasmal warrior (Swamp:4)
  A lindwurm (Lair:5)
  12 mana vipers
  6 orc knights
  16 deep elf pyromancers
  7 ugly things
  11 deep elf zephyrmancers
  An oklob plant (Swamp:4)
  A mana viper (shapeshifter) (D:15)
  7 orc sorcerers
  9 salamanders
  3 manticores
  3 cyclopes
  5 will-o-the-wisps
  5 vault sentinels (Vaults:1)
  52 black mambas
  Joseph (D:8)
  4 elephants (Lair:3)
  8 guardian serpents
  2 orange demons (Elf:1)
  5 torpor snails (Lair:5)
  2 gargoyles
  12 naga magi
  2 rime drakes
  8 cane toads
  2 freezing wraiths (D:11)
  5 komodo dragons
  8 yaktaurs
  3 tengu conjurers
  An efreet (D:15)
  A kobold demonologist (D:13)
  3 swamp worm zombies (Swamp:4)
  3 hydra zombies (Swamp:4)
  A queen bee (shapeshifter) (Elf:1)
  6 bloated husks
  2 polar bears (shapeshifter)
  5 trolls
  8 polar bears (Lair:5)
  8 tyrant leeches
  4 alligator zombies (Swamp:4)
  A raiju (Lair:5)
  20 hornets
  3 blink frogs (Lair:5)
  9 dream sheep
  4 spectral swamp dragons (Swamp:4)
  A centaur simulacrum (D:14)
  5 shadows
  An air elemental (D:13)
  8 spriggans
  10 wraiths
  2 wyverns
  A vampire (D:7)
  Eustachio (D:4)
  A hog (D:13)
  35 yaks
  A water elemental (Elf:1)
  2 basilisks
  4 humans (D:14)
  5 fire elementals (Snake:3)
  A redback (Vaults:1)
  3 wargs (Lair:5)
  12 vampire mosquitoes
  7 swamp worms
  An acid dragon (D:7)
  57 nagas
  21 water moccasins
  A floating eye (D:12)
  17 hell hounds
  11 black bears (Lair:5)
  2 ice beasts
  26 orc warriors
  7 sky beasts
  10 ogres
  4 swamp dragon zombies (Swamp:4)
  4 boggarts (Vaults:1)
  23 wolves
  5 centaurs
  7 phantoms
  2 kobold brigands
  The ghost of wpisznazwe the Sneak, an amateur VSDe (D:5)
  13 bullfrogs
  A gnoll sergeant (D:11)
  2 earth elementals (Elf:2)
  A necrophage (D:6)
  7 scorpions
  A troll zombie (D:12)
  18 killer bees
  2 electric eels
  3 howler monkeys
  4 jellies
  3 quasits (D:5)
  6 hounds
  A gnoll bouda (D:9)
  17 orc priests
  3 iguanas
  Jessica (D:2)
  35 orc wizards
  2 spectral swamp drakes (Swamp:4)
  Terence (D:2)
  7 ogre zombies (D:12)
  Robin (D:4)
  20 gnolls
  2 swamp drake zombies (Swamp:4)
  12 adders
  A shadow imp (D:7)
  2 white imps
  6 ufetubi
  A worm (D:4)
  5 dart slugs
  96 orcs
  4 bats
  10 endoplasms
  3 giant cockroaches
  16 goblins
  5 hobgoblins
  5 quokkas
  6 ball pythons
  4 frilled lizards
  A goblin skeleton (D:12)
  4 goblin zombies (D:12)
  2 hobgoblin skeletons (D:12)
  A hobgoblin zombie (D:12)
  7 kobolds
  An orc skeleton (D:12)
  16 orc zombies (D:12)
  3 rats
  A briar patch (Swamp:2)
  A butterfly (Lair:1)
1218 creatures vanquished.

Vanquished Creatures (collateral kills)
  Gastronok (D:9)
  A thorn hunter (Swamp:4)
  2 vault guards (D:14)
  An ogre mage (D:15)
  2 hydras
  A catoblepas (Lair:2)
  A centaur warrior (D:14)
  An alligator (Swamp:4)
  2 two-headed ogres (D:15)
  A boulder beetle (D:14)
  A goliath frog (Swamp:3)
  A bog body (Swamp:4)
  4 ugly things (D:14)
  A will-o-the-wisp (Swamp:4)
  A cyclops (D:15)
  A black mamba (Lair:3)
  A cane toad (Lair:1)
  A rime drake (Lair:2)
  A troll (D:7)
  3 polar bears
  2 hornets
  A blink frog (Lair:5)
  3 tyrant leeches
  A dream sheep (Lair:5)
  A vampire (D:14)
  A spriggan (Swamp:4)
  A wraith (Lair:4)
  14 yaks
  A wyvern (Lair:4)
  4 humans (D:14)
  Menkaure (D:4)
  A warg (Lair:5)
  3 water moccasins (Lair:3)
  An acid dragon (D:8)
  2 hell hounds (Lair:5)
  A swamp drake (Swamp:1)
  An orc warrior (Orc:2)
  A centaur (D:9)
  A gnoll sergeant (D:9)
  A bullfrog (D:9)
  2 jellies (Lair:5)
  2 gnolls (D:9)
74 creatures vanquished.

Vanquished Creatures (others)
  A deep elf knight (Elf:1)
  A kobold demonologist (D:13)
  A human (D:14)
  An orc (Elf:1)
  3 briar patches (Swamp:2)
  A bush (Lair:2)
  7 foxfires
  8 fungi
  52 plants
75 creatures vanquished.

Grand Total: 1367 creatures vanquished

Notes
Turn   | Place    | Note
-------+----------+-------------------------------------------
     0 | D:1      | Majang the Djinni Ice Elementalist began the quest for the
                  | Orb.
     0 | D:1      | Majang set off with the following spells memorised: Freeze,
                  | Frozen Ramparts, Ozocubu's Armour, Summon Ice Beast.
     0 | D:1      | Reached XP level 1. HP: 15/15 MP: 0/0
    66 | D:1      | You are sucked into a shaft and drop 1 floor!
   139 | D:1      | Reached XP level 2. HP: 14/21 MP: 0/0
   596 | D:1      | Reached XP level 3. HP: 24/25 MP: 0/0
   596 | D:1      | Learned a level 1 spell: Shock
   996 | D:2      | Found Tocucewk's Weapon Shoppe.
  1065 | D:2      | Reached XP level 4. HP: 27/31 MP: 0/0
  1766 | D:2      | Noticed Terence
  1784 | D:2      | HP: 1/31 [Terence/+0 mace of holy wrath (6)]
  1787 | D:2      | Killed Terence
  1788 | D:2      | Reached XP level 5. HP: 4/35 MP: 0/0
  1788 | D:2      | Learned a level 2 spell: Blink
  2000 | D:2      | Noticed Jessica
  2005 | D:2      | Killed Jessica
  2006 | D:2      | Reached skill level 5 in Spellcasting
  2533 | D:3      | Reached XP level 6. HP: 34/40 MP: 0/0
  3010 | D:4      | Noticed Eustachio
  3023 | D:4      | Killed Eustachio
  3024 | D:4      | Reached XP level 7. HP: 36/45 MP: 0/0
  3024 | D:4      | Learned a level 2 spell: Wereblood
  3073 | D:4      | Found a large runed translucent door.
  3074 | D:4      | Found a large runed translucent door.
  3078 | D:4      | Found a large runed translucent door.
  3078 | D:4      | Found a large runed translucent door.
  3438 | D:4      | Noticed Menkaure
  3597 | D:4      | Noticed Robin
  3627 | D:4      | Killed Robin
  3874 | D:4      | Reached skill level 1 in Fighting
  3874 | D:4      | Reached XP level 8. HP: 46/52 MP: 0/0
  4109 | D:5      | Entered Level 5 of the Dungeon
  4117 | D:5      | Reached skill level 1 in Shields
  4224 | D:5      | Reached skill level 1 in Evocations
  4236 | D:5      | Reached skill level 2 in Fighting
  4236 | D:5      | Reached skill level 1 in Polearms
  4405 | D:5      | Found a transporter.
  4409 | D:5      | Noticed wpisznazwe's ghost (amateur VSDe)
  4419 | D:5      | Killed wpisznazwe's ghost
  4443 | D:5      | Found a transporter.
  4752 | D:5      | Reached skill level 3 in Fighting
  5169 | D:6      | Reached XP level 9. HP: 60/61 MP: 0/0
  5169 | D:6      | Learned a level 4 spell: Manifold Assault
  5467 | D:6      | Reached skill level 4 in Fighting
  5988 | D:6      | Found a faded altar of an unknown god.
  5997 | D:6      | Found an opulent altar of Gozag.
  5999 | D:6      | Found a glowing golden altar of the Shining One.
  6318 | D:7      | Reached skill level 5 in Fighting
  6321 | D:7      | Reached XP level 10. HP: 57/70 MP: 0/0
  6379 | D:7      | Noticed a cyclops
  6399 | D:7      | Killed a cyclops
  6550 | D:7      | Reached skill level 5 in Dodging
  6555 | D:7      | Noticed a two-headed ogre
  6594 | D:7      | Noticed a gargoyle
  6609 | D:7      | Killed a gargoyle
  6641 | D:7      | Reached skill level 6 in Fighting
  6989 | D:7      | Noticed a deep elf pyromancer
  6995 | D:7      | Killed a two-headed ogre
  6998 | D:7      | Killed a deep elf pyromancer
  7381 | D:7      | Reached XP level 11. HP: 37/78 MP: 0/0
  7381 | D:7      | Learned a level 5 spell: Yara's Violent Unravelling
  7428 | D:7      | Found a staircase to the Ecumenical Temple.
  7437 | Temple   | Entered the Ecumenical Temple
  7452 | Temple   | Became a worshipper of Makhleb the Destroyer
  7975 | D:8      | Noticed a two-headed ogre
  7983 | D:8      | Killed a two-headed ogre
  7984 | D:8      | Reached skill level 7 in Fighting
  7984 | D:8      | Reached skill level 1 in Invocations
  8264 | D:8      | Noticed a two-headed ogre
  8273 | D:8      | Killed a two-headed ogre
  8274 | D:8      | Reached skill level 5 in Shields
  8309 | D:8      | Noticed Joseph
  8324 | D:8      | Killed Joseph
  8325 | D:8      | Reached skill level 5 in Evocations
  9356 | D:4      | Killed Menkaure
  9861 | D:9      | Noticed a two-headed ogre
  9877 | D:9      | Killed a two-headed ogre
  9930 | D:9      | Reached * piety under Makhleb
 10076 | D:9      | Noticed Gastronok
 10104 | D:9      | Killed Gastronok
 10143 | D:9      | Reached skill level 8 in Fighting
 10240 | D:9      | Reached XP level 12. HP: 83/86 MP: 0/0
 10260 | D:9      | Noticed a boulder beetle
 10283 | D:9      | Killed a boulder beetle
 10499 | D:10     | Entered Level 10 of the Dungeon
 10555 | D:10     | Found a broken altar of Ashenzari.
 10556 | D:10     | Found an iron altar of Okawaru.
 10556 | D:10     | Found a shadowy altar of Dithmenos.
 10557 | D:10     | Found a snail-covered altar of Cheibriados.
 10596 | D:10     | Reached ** piety under Makhleb
 10657 | D:10     | Identified the +1 hat of Aclush {rN+ Dex+3}
 10824 | D:10     | Found a staircase to the Lair.
 10929 | D:10     | Noticed Harold
 10954 | D:10     | Killed Harold
 11336 | Lair:1   | Entered Level 1 of the Lair of Beasts
 11409 | Lair:1   | Reached skill level 5 in Polearms
 11415 | Lair:1   | Reached skill level 9 in Fighting
 12072 | Lair:2   | Reached *** piety under Makhleb
 12099 | Lair:2   | Noticed a four-headed hydra
 12113 | Lair:2   | Killed a four-headed hydra
 12114 | Lair:2   | Reached skill level 10 in Spellcasting
 12138 | Lair:2   | Found a staircase to the Swamp.
 12178 | Lair:2   | Reached XP level 13. HP: 94/94 MP: 0/0
 12178 | Lair:2   | Learned a level 5 spell: Lee's Rapid Deconstruction
 12388 | Lair:2   | Identified the +1 pair of gloves of the Breathing Gods
                  | {+Blink Str+2}
 12435 | Lair:2   | Identified a scroll of acquirement
 12435 | Lair:2   | Acquired a manual of Fighting
 12459 | Lair:2   | Noticed a catoblepas
 12566 | Lair:2   | Killed a catoblepas
 12854 | Lair:2   | Noticed a four-headed hydra
 12874 | Lair:2   | Killed a four-headed hydra
 12955 | Lair:2   | Reached skill level 10 in Fighting
 13310 | Lair:3   | Reached skill level 5 in Invocations
 13334 | Lair:3   | Reached **** piety under Makhleb
 13341 | Lair:3   | Found a staircase to the Snake Pit.
 13577 | Lair:3   | Reached skill level 11 in Fighting
 13771 | Lair:3   | You are sucked into a shaft and drop 2 floors!
 13771 | Lair:5   | Entered Level 5 of the Lair of Beasts
 13900 | Lair:4   | Reached XP level 14. HP: 105/105 MP: 0/0
 13923 | Lair:4   | Noticed Josephine
 14311 | Lair:4   | Noticed Rupert
 14332 | Lair:4   | Killed Rupert
 14560 | Lair:4   | Noticed Nessos
 14592 | Lair:4   | Killed Nessos
 14793 | Lair:4   | Killed Josephine
 14794 | Lair:4   | Reached skill level 12 in Fighting
 14978 | Lair:5   | Reached ***** piety under Makhleb
 15123 | Lair:5   | Found a viscous altar of Jiyva.
 15146 | Lair:5   | Found a staircase to the Slime Pits.
 15409 | Lair:5   | Found a runed translucent door.
 15896 | Lair:5   | Reached skill level 13 in Fighting
 16417 | D:11     | Reached XP level 15. HP: 111/115 MP: 0/0
 16417 | D:11     | Learned a level 6 spell: Iron Shot
 16621 | D:11     | Noticed Erica
 16636 | D:11     | Killed Erica
 17220 | D:11     | Found a runed translucent gate.
 17221 | D:11     | Found a runed translucent gate.
 17223 | D:11     | Found a runed translucent gate.
 17225 | D:11     | Noticed Ijustatesigmund's ghost (journeyman DjFE)
 17778 | D:12     | Reached ****** piety under Makhleb
 17779 | D:12     | Reached skill level 1 in Armour
 17826 | D:12     | Found a staircase to the Orcish Mines.
 18012 | D:12     | Reached skill level 14 in Fighting
 18787 | Orc:1    | Entered Level 1 of the Orcish Mines
 18945 | Orc:2    | Entered Level 2 of the Orcish Mines
 19023 | Orc:2    | Found a staircase to the Elven Halls.
 19663 | Orc:2    | Reached skill level 10 in Dodging
 19750 | Orc:2    | Found Gurenuha's Distillery.
 19751 | Orc:2    | Noticed Sonja
 19753 | Orc:2    | Killed Sonja
 19794 | Orc:2    | Found Ypinaze's Antique Armour Shop.
 19811 | Orc:2    | Bought a potion of heal wounds for 70 gold pieces
 19811 | Orc:2    | Bought 2 potions of brilliance for 112 gold pieces
 19811 | Orc:2    | Bought a potion of curing for 42 gold pieces
 19811 | Orc:2    | Bought a potion of mutation for 112 gold pieces
 19811 | Orc:2    | Bought a potion of ambrosia for 112 gold pieces
 19811 | Orc:2    | Bought a potion of curing for 42 gold pieces
 19811 | Orc:2    | Bought a potion of curing for 42 gold pieces
 19811 | Orc:2    | Bought a potion of heal wounds for 70 gold pieces
 19813 | Orc:2    | Bought a runed helmet for 270 gold pieces
 19824 | Orc:2    | Found Mimoukk's Armour Shop.
 19827 | Orc:2    | Found Pido's Antique Armour Emporium.
 19833 | Orc:2    | Bought a +1 cloak of willpower for 214 gold pieces
 19845 | Orc:2    | Bought a glowing hat for 203 gold pieces
 20101 | Swamp:1  | Entered Level 1 of the Swamp
 20281 | Swamp:1  | Reached XP level 16. HP: 124/124 MP: 0/0
 20286 | Swamp:1  | Reached skill level 15 in Fighting
 20880 | Swamp:2  | You are sucked into a shaft and drop 1 floor!
 21003 | Swamp:3  | Identified the +1 ring mail of the Lost Path {+Inv Str-2
                  | Dex+5 Stlth+}
 21144 | Swamp:2  | Noticed a thorn hunter
 21156 | Swamp:2  | Killed a thorn hunter
 21161 | Swamp:2  | Noticed a thorn hunter
 21176 | Swamp:2  | Killed a thorn hunter
 22178 | Snake:1  | Entered Level 1 of the Snake Pit
 22466 | Snake:1  | Reached skill level 16 in Fighting
 22730 | Snake:1  | Reached XP level 17. HP: 131/133 MP: 0/0
 22730 | Snake:1  | Learned a level 6 spell: Dispersal
 23546 | Snake:2  | Reached skill level 10 in Evocations
 23643 | Snake:2  | Reached skill level 10 in Shields
 23849 | Snake:2  | Found Bepohag's Weapon Emporium.
 24008 | Snake:2  | Found Zoqil's Weapon Boutique.
 24039 | Snake:2  | Found a glowing silver altar of Zin.
 24108 | Snake:2  | Found Goehegud's Distillery.
 24130 | Snake:2  | Upgraded the game from 0.30-a0-587-gfd7c166f36 to
                  | 0.30-a0-591-g3c58d2bc28
 24135 | Snake:2  | Bought a potion of mutation for 96 gold pieces
 24135 | Snake:2  | Bought a potion of resistance for 120 gold pieces
 24135 | Snake:2  | Bought a potion of curing for 36 gold pieces
 24135 | Snake:2  | Bought a potion of curing for 36 gold pieces
 24135 | Snake:2  | Bought a potion of cancellation for 96 gold pieces
 24587 | Snake:3  | Reached skill level 5 in Armour
 24980 | Snake:3  | Reached skill level 17 in Fighting
 25154 | Snake:3  | Reached XP level 18. HP: 132/142 MP: 0/0
 25220 | Snake:3  | Noticed Azrael
 25233 | Snake:3  | Killed Azrael
 25510 | Snake:4  | Entered Level 4 of the Snake Pit
 26172 | Snake:4  | Found an opulent altar of Gozag.
 26741 | Snake:4  | Noticed Mlioglotl
 26868 | Snake:4  | Killed Mlioglotl
 26885 | Snake:4  | Noticed Vashnia
 26996 | Snake:4  | Killed Vashnia
 26997 | Snake:4  | Reached skill level 18 in Fighting
 27047 | Snake:4  | Got a serpentine rune of Zot
 27409 | Swamp:4  | Entered Level 4 of the Swamp
 27474 | Swamp:4  | Reached XP level 19. HP: 132/150 MP: 0/0
 27474 | Swamp:4  | Learned a level 6 spell: Simulacrum
 28239 | Swamp:4  | Noticed a bone dragon
 28246 | Swamp:4  | Killed a bone dragon
 28466 | Swamp:4  | Got a decaying rune of Zot
 28736 | D:13     | Noticed Kirke
 28745 | D:13     | Killed Kirke
 28773 | D:13     | Found Erghuf's Assorted Antiques.
 28787 | D:13     | Bought a potion of curing for 66 gold pieces
 28787 | D:13     | Bought a potion of heal wounds for 110 gold pieces
 29428 | D:14     | Found a shimmering altar of Xom.
 30084 | D:14     | Identified the +3 kite shield "Ixtukuv" {rN+ Str+4}
 30087 | D:14     | Found a gate to the Vaults.
 30289 | D:15     | Entered Level 15 of the Dungeon
 30292 | D:15     | Found a snail-covered altar of Cheibriados.
 30352 | D:15     | Found a shadowy altar of Dithmenos.
 30434 | D:15     | Found Jukifaag's Antique Weapon Emporium.
 30733 | D:15     | Reached skill level 19 in Fighting
 30885 | D:15     | Found a staircase to the Depths.
 31184 | D:11     | Killed Ijustatesigmund's ghost
 31281 | Elf:1    | Entered Level 1 of the Elven Halls
 31325 | Elf:1    | Reached XP level 20. HP: 157/160 MP: 0/0
 31331 | Elf:1    | Reached skill level 15 in Spellcasting
 31579 | Elf:1    | Found a runed translucent gate.
 31579 | Elf:1    | Found a runed translucent gate.
 31579 | Elf:1    | Found a runed translucent gate.
 31579 | Elf:1    | Found a runed translucent gate.
 31579 | Elf:1    | Found a runed translucent gate.
 31586 | Elf:1    | Found a runed translucent gate.
 32851 | Elf:2    | Found Wiucwuikk's Armour Emporium.
 32861 | Elf:2    | Found Lalin's Antique Weapon Emporium.
 33075 | Elf:2    | Noticed Asterion
 33148 | Elf:2    | Identified the +1 scale mail of the Hanged Man {Rampage
                  | Str+3}
 33327 | Elf:2    | Found a huge runed translucent gate.
 33327 | Elf:2    | Found a huge runed translucent gate.
 33329 | Elf:2    | Found a huge runed translucent gate.
 33329 | Elf:2    | Found a huge runed translucent gate.
 33330 | Elf:2    | Found a huge runed translucent gate.
 33582 | Elf:2    | Killed Asterion
 33972 | Vaults:1 | Entered Level 1 of the Vaults
 34662 | Vaults:1 | Reached XP level 21. HP: 156/167 MP: 0/0
 34662 | Vaults:1 | Learned a level 7 spell: Storm Form
 34875 | Vaults:1 | Reached skill level 20 in Fighting
 34889 | Vaults:1 | Identified the amulet of Joock {Spirit *Slow rCorr Str+3}
 35587 | Vaults:2 | Slain by a white very ugly thing

Illustrated notes

Levels and vault maps discovered:
D:1:      wander_arrival_chamber, layout_basic
D:2:      layout_basic, serial_shops, shop_statue, uniq_terence, uniq_jessica
D:3:      layout_rooms, cheibrodos_gnoll_hut
D:4:      layout_gridville, minmay_hollow_rounded_squares, uniq_robin,
          uniq_eustachio, uniq_menkaure
D:5:      layout_loops_corners, gammafunk_ghost_stat_death
D:6:      layout_loops_ring, chequers_temple_overflow_minitemple
D:7:      minmay_the_grid_octo_triangle [minmay_the_grid_octo_tetromino_candy,
          minmay_the_grid_octo_prize_star, minmay_the_grid_octo_checkerflower],
          layout_basic, minmay_temple_entry_junction, minivault_26,
          kennysheep_potato
D:8:      layout_layer_cave, uniq_joseph
D:9:      statuecave_lemuel, layout_basic, grunt_ministairs_13,
          minmay_mirror_moons_of_madness, uniq_gastronok
D:10:     layout_basic, chequers_temple_overflow_statue_of_worship,
          dpeg_oklobed_lair, the_hattery, uniq_harold
D:11:     layout_basic, gammafunk_ghost_spectres,
          chequers_serial_rivers_micro_d, uniq_erica
D:12:     hellmonk_paralyzer, layout_basic, zombieorc2_lemuel,
          nicolae_eternal_life, drop_trap, minmay_holes
D:13:     layout_big_octagon, serial_shops, nicolae_shop_overgrown_old_shop,
          dreamdust_looks_like_rain, uniq_kirke
D:14:     minmay_statue_hallways, layout_loops_corners,
          ximxim_vaults_locker_room, basic_altar, ebering_dispersal_statue_hall,
          xom_confusion_cloud
D:15:     grunt_enter_depths_snipers, layout_loops_ring, cheibriados_altar_1,
          serial_shops, shop, grunt_dithmenos_smoke_and_mirrors
Temple:   nicolae_temple_two_arcs
Lair:1:   layout_misc_corridors, grunt_megastairs_3,
          infiniplex_staircase_pool_2, lemuel_fruit_tree, lemuel_fruit_fields,
          lemuel_fruit_fields
Lair:2:   layout_cave_pods, minmay_swamp_entry_reptiles,
          nicolae_lair_grazing_beasts [nicolae_sub_lair_graze_edge,
          nicolae_sub_lair_graze_edge, nicolae_sub_lair_graze_edge,
          nicolae_sub_lair_graze_edge], grunt_megastairs_4
Lair:3:   layout_roguey, minmay_snake_entry_six_corridors, beast_lair_carwin_9,
          infiniplex_staircase_pool
Lair:4:   layout_loops_ring, uniq_josephine, uniq_nessos, uniq_rupert
Lair:5:   wormcave, layout_gridlike, hangedman_lair_caniforms_friends,
          nicolae_slime_entry_slimehenge, chequers_serial_rivers_small_3,
          patterned_corridor
Swamp:1:  layout_basic_swamp, nicolae_swamp_triple_paths
Swamp:2:  layout_basic_swamp, nicolae_swamp_small_spring
Swamp:3:  layout_basic_swamp, evilmike_swamp_ruin_house_1
Swamp:4:  swamp_pestilence, layout_basic_swamp, swamp_pool1,
          nicolae_swamp_very_dense_foliage
Snake:1:  layout_chambers
Snake:2:  layout_chambers, basic_altar, serial_shops,
          nicolae_shop_bloodbath_and_beyond, nicolae_shop_waterfront, shop
Snake:3:  layout_cave_town, uniq_azrael
Snake:4:  grunt_snake_rune_serpentine_throne, layout_layer_cave, basic_altar,
          grunt_megastairs_2, uniq_mlioglotl
Orc:1:    layout_caves, minmay_orc_temple_a
Orc:2:    st_orc_elflike, layout_caves, uniq_sonja
Elf:1:    layout_gridlike, orc_legates, einodemon_barbed_minivault
Elf:2:    elven_hall_of_blades_hangedman_alternative [nicolae_blade_tridents],
          layout_geoelf_grid, hangedman_feature_mirror, minmay_shop_star,
          uniq_asterion
Vaults:1: nicolae_vaults_little_squares_4, ontoclasm_vaults_decontamination,
          vaults_room_door_hall, hangedman_vaults_river_flow,
          ontoclasm_vaults_bender, hangedman_vaults_stretched_pinwheel,
          nicolae_vaults_asterisk, nicolae_vaults_circle_grid_b,
          vaults_room_boxed, v_alt_pattern_1, v_pattern_4, vaults_room_pools,
          nicolae_vaults_asterisk, ontoclasm_vaults_misaligned,
          ontoclasm_vaults_misaligned, v_misc_5, vaults_room_large_hall,
          v_misc_27, vaults_room_pools, layout_vaults_ring
Vaults:2: nicolae_vaults_stairing_the_circle, v_pattern_3, vaults_dpeg_spiral,
          nicolae_vaults_little_squares_3, nicolae_vaults_little_squares_4,
          vaults_mumra_minichess, hangedman_vaults_corner_blocks,
          nicolae_vaults_asterisk, grunt_vaults_hallway_short,
          layout_vaults_quadrants, uniq_donald, uniq_sojobo, uniq_margery,
          uniq_nikola

Skill      XL: |  1  2  3  4  5  6  7  8  9 10 11 12 13 14 15 16 17 18 19 20 21 |
---------------+----------------------------------------------------------------+-----
Spellcasting   | 4 5 6 7 8 9 10 11 12 13 14 16 | 16.3
Fighting       | 1 3 5 6 8 9 11 13 14 16 17 18 19 20 | 20.1
Shields        | 2 3 4 5 6 7 8 9 10 | 10.0
Evocations     | 2 3 4 5 6 7 8 9 10 11 12 13 | 13.7
Polearms       | 1 2 3 4 5 6 7 8 |  8.0
Dodging        | 3 4 5 6 7 8 9 10 11 12 13 | 13.5
Invocations    | 2 4 5 6 7 8 |  8.1
Armour         | 1 3 5 6 |  6.0
Stealth        | |  1.5

Action                   |  1- 3 |  4- 6 |  7- 9 | 10-12 | 13-15 | 16-18 | 19-21 || total
-------------------------+-------+-------+-------+-------+-------+-------+-------++-------
Melee: Club              |     6 |     3 |       |       |       |       |       ||     9
       Spear             |       |    43 |   160 |   123 |       |       |       ||   326
       Punch             |       |     2 |       |       |       |       |       ||     2
       Mace              |       |       |    30 |    34 |     8 |       |       ||    72
       Trident           |       |       |       |   141 |   592 |   137 |    53 ||   923
 Cast: Freeze            |    37 |    16 |     7 |    36 |     1 |       |       ||    97
       Frozen Ramparts   |     6 |    22 |    47 |    71 |   103 |    60 |       ||   309
       Ozocubu's Armour  |       |     6 |    15 |    42 |    56 |    36 |     1 ||   156
       Manifold Assault  |       |       |     6 |     1 |    51 |    20 |    22 ||   100
       Summon Ice Beast  |       |       |       |    24 |    43 |    13 |     1 ||    81
       Lee's Rapid Decon |       |       |       |       |   151 |   248 |   304 ||   703
       Blink             |       |       |       |       |     7 |     4 |    11 ||    22
       Iron Shot         |       |       |       |       |    55 |   288 |   234 ||   577
       Dispersal         |       |       |       |       |       |     4 |     2 ||     6
       Simulacrum        |       |       |       |       |       |       |    48 ||    48
Evoke: Wand              |       |       |       |     8 |     5 |    15 |     6 ||    34
       Condenser vane    |       |       |       |       |     1 |     2 |     1 ||     4
       Phial of floods   |       |       |       |       |     1 |       |       ||     1
       Phantom mirror    |       |       |       |       |     1 |       |       ||     1
       Tin of tremorston |       |       |       |       |       |     4 |     1 ||     5
  Use: Potion            |       |     1 |       |       |     2 |     1 |     2 ||     6
       Scroll            |       |     9 |     4 |     6 |    13 |    11 |     8 ||    51
 Stab: Sleeping          |     1 |     2 |       |     1 |     1 |       |       ||     5
       Distracted        |       |       |     1 |     1 |     4 |       |       ||     6
Armor: Robe              |     4 |     9 |    73 |    14 |    18 |       |       ||   118
       Troll leather arm |       |       |       |    50 |   174 |   157 |    45 ||   426
Dodge: Dodged            |    16 |    31 |   197 |   164 |   511 |   232 |   104 ||  1255
Block: Buckler           |       |       |    34 |    49 |   159 |   103 |    70 ||   415
       Reflection        |       |       |       |       |       |       |    15 ||    15

Table legend: (Time is in decaauts)
 A = Elapsed time spent in this place.
 B = Non-inter-level travel time spent in this place.
 C = Inter-level travel time spent in this place.
 D = Time resting spent in this place.
 E = Time spent auto-exploring this place.
 F = Levels seen in this place.
 G = Mean time per level.
                   A        B        C        D        E       F      G
               +--------+--------+--------+--------+--------+-----+--------+
         Total |  35705 |  31161 |   4544 |   5105 |  13816 |  35 | 1020.1 |
       Dungeon |  16391 |  14798 |   1593 |   2582 |   8435 |  15 | 1092.7 |
        Temple |     57 |     57 |      0 |      0 |      0 |   1 |   57.0 |
          Lair |   5628 |   4854 |    774 |    411 |   2272 |   5 | 1125.6 |
         Swamp |   3322 |   2602 |    720 |    552 |    661 |   4 |  830.5 |
     Snake Pit |   5101 |   4466 |    635 |    578 |    903 |   4 | 1275.2 |
  Orcish Mines |   1283 |    956 |    327 |    157 |    395 |   2 |  641.5 |
   Elven Halls |   2307 |   2081 |    226 |    503 |    807 |   2 | 1153.5 |
        Vaults |   1613 |   1346 |    267 |    321 |    343 |   2 |  806.5 |
               +--------+--------+--------+--------+--------+-----+--------+

Top non-repeatable levels by time:
     D:4: 1745 daAuts
 Snake:4: 1706 daAuts
  Lair:5: 1634 daAuts
     D:7: 1589 daAuts
Vaults:1: 1506 daAuts
   Elf:1: 1377 daAuts
  Lair:2: 1299 daAuts
    D:11: 1244 daAuts
     D:8: 1243 daAuts
    D:12: 1224 daAuts
 Snake:1: 1208 daAuts
    D:14: 1203 daAuts
 Swamp:4: 1203 daAuts
 Snake:2: 1168 daAuts
     D:2: 1094 daAuts
